 Dungeon Crawl Stone Soup version 0.28.0-47-ge53b351184 (webtiles) character file.

Game seed: 13870680813315190916

70 NinjaNoafa the Chopper (level 4, -3/41 HPs)
             Began as a Hill Orc Monk on Apr 27, 2022.
             Slain by Sigmund
             ... wielding a +0 scythe
              (6 damage)
             ... on level 3 of the Dungeon.
             The game lasted 00:02:58 (2751 turns).

NinjaNoafa the Chopper (Hill Orc Monk)              Turns: 2751, Time: 00:03:00

Health: -3/41      AC:  9    Str: 15    XL:     4   Next: 22%
Magic:  4/4        EV:  7    Int: 10    God:
Gold:   65         SH:  0    Dex: 13    Spells: 3/3 levels left

rFire   . . .      SeeInvis .   h - +0 war axe
rCold   . . .      Faith    .   (no shield)
rNeg    . . .      Spirit   .   e - +0 chain mail
rPois   .          Reflect  .   (no helmet)
rElec   .          Harm     .   (no cloak)
rCorr   .          Rampage  .   (no gloves)
Will    .....                   c - +0 pair of boots
Stlth   ..........              (no amulet)
HPRegen 0.13/turn               (no ring)
MPRegen 0.09/turn               (no ring)

@: no status effects
A: no striking features
a: no special abilities


You were on level 3 of the Dungeon.
You visited 1 branch of the dungeon, and saw 3 of its levels.

You collected 65 gold pieces.

Inventory:

Hand Weapons
 a - a +0 hand axe
 h - a +0 war axe (weapon)
Missiles
 b - 3 poisoned darts (quivered)
Armour
 c - a +0 pair of boots (worn)
 e - a +0 chain mail (worn)
Scrolls
 g - a scroll of vulnerability
Potions
 d - a potion of attraction


   Skills:
 + Level 4.5 Fighting
 + Level 5.0 Axes
 * Level 2.1 Armour
 - Level 2.4 Dodging
 - Level 1.5 Stealth


You had 3 spell levels left.
You didn't know any spells.
Your spell library was empty.

Dungeon Overview and Level Annotations

Branches:
Dungeon (3/15)

Altars:

Annotations:
D:3 Sigmund


Message History

Sigmund is severely wounded.
Sigmund hits you with a +0 scythe!
You bump into the rock wall.
Sigmund hits you with a +0 scythe.
You're too confused to move!
Sigmund points at you and mumbles some strange words.
The magic dart hits you.
Sigmund gestures wildly while chanting.
Sigmund flickers and vanishes!
Deactivating autopickup; reactivate with Ctrl-A.
You feel less confused.
You hear some strange, mumbled words.
You are confused.
You bump into the rock wall.
You bump into the rock wall.
Something hits you.
You bump into the rock wall.
You're too confused to move!
You feel less confused.
You hear some strange, mumbled words.
A puff of flame appears from out of thin air!
The puff of flame hits you but does no damage.
Something hits you.
You closely miss something. Something hits you.
* * * LOW HITPOINT WARNING * * *
You closely miss something. Something hits you but does no damage.
You miss something. Something hits you but does no damage.
You completely miss something. You closely miss something.
Something hits you but does no damage.
You completely miss something.
You hear some strange, mumbled words.
A puff of flame appears from out of thin air!
The puff of flame hits you but does no damage.
You closely miss something. Something hits you.
* * * LOW HITPOINT WARNING * * *
You closely miss something.
You hear some strange, mumbled words.
A magic dart appears from out of thin air!
The magic dart hits you.
* * * LOW HITPOINT WARNING * * *
Something hits you.
You die...

###############
#....)..@{....#
#.###########.#
#.# #.# #.# ##
#.# #.# #.. ...
#.# #.# ... #.#
#.# ..... #.#
#.# ..... #.#
#.# .......


There were no monsters in sight!

Vanquished Creatures
  A bullfrog zombie (D:3)
  2 worms
  A dart slug (D:2)
  An orc (D:3)
  2 ball pythons
  A bat (D:2)
  2 endoplasms (D:1)
  A giant cockroach (D:1)
  3 goblins
  2 jackals (D:1)
  3 quokkas
  2 frilled lizards
  5 kobolds
  4 rats
30 creatures vanquished.

Vanquished Creatures (others)
  4 plants (D:2)
4 creatures vanquished.

Grand Total: 34 creatures vanquished

Notes
Turn   | Place    | Note
-------+----------+-------------------------------------------
     0 | D:1      | NinjaNoafa the Hill Orc Monk began the quest for the Orb.
     0 | D:1      | Reached XP level 1. HP: 19/19 MP: 1/1
   467 | D:1      | Reached XP level 2. HP: 17/27 MP: 2/2
   622 | D:1      | Reached skill level 1 in Armour
  1685 | D:2      | Reached XP level 3. HP: 28/33 MP: 3/3
  1839 | D:2      | Found a faded altar of an unknown god.
  2406 | D:3      | Reached skill level 5 in Axes
  2406 | D:3      | Reached XP level 4. HP: 10/41 MP: 4/4
  2716 | D:3      | Noticed Sigmund
  2751 | D:3      | Slain by Sigmund

Illustrated notes

Levels and vault maps discovered:
D:1:      grunt_arrival_crossed_arrows, layout_loops_ring,
          serial_co_window_serial, co_window_paths_b, co_window_paths_a,
          co_window_paths_b, co_window_paths_a, co_window_paths_b,
          co_window_of_opportunity_b, co_window_of_opportunity_b,
          co_window_broadway_c, co_window_cross_3, glass_columns_c,
          glass_columns_a
D:2:      layout_loops_ring, serial_forest, infiniplex_forest_lined_2,
          infiniplex_forest_lined_room_2, infiniplex_forest_lined_room_2,
          infiniplex_forest_lined_2, infiniplex_forest_clump_C,
          dreamdust_ecumenical_altar_statues
D:3:      layout_loops_ring, uniq_terence, uniq_sigmund, uniq_natasha

Skill      XL: |  1  2  3 |
---------------+----------+-----
Armour         | 1 2 |  2.1
Fighting       | 4 |  4.5
Axes           | 5 |  5.0
Dodging        | |  2.4
Stealth        | |  1.5

Action                   |  1- 3 |  4- 6 || total
-------------------------+-------+-------++-------
Melee: Hand axe          |   101 |     2 ||   103
       Punch             |     1 |       ||     1
       War axe           |       |    20 ||    20
Throw: Dart              |    12 |       ||    12
  Use: Scroll            |     1 |     1 ||     2
       Potion            |     1 |     1 ||     2
Armor: Chain mail        |    41 |     9 ||    50
       Robe              |     2 |       ||     2
Dodge: Dodged            |    38 |     3 ||    41
